 Dungeon Crawl Stone Soup version 0.26.1-10-gdfb7c7de75 (webtiles) character file.

Game seed: 12375538180696490994

37 Revguard the Skirmisher (level 3, 0/28 (29) HPs)
             Began as a Demonspawn Chaos Knight on Apr 9, 2021.
             Was a Plaything of Xom.
             Succumbed to an adder's poison
             ... on level 2 of the Dungeon.
             The game lasted 00:03:50 (1585 turns).

Revguard the Skirmisher (Demonspawn Chaos Knight)   Turns: 1585, Time: 00:03:51

HP:   0/28 (29)     AC:  5    Str: 11 (13) XL:     3   Next: 21%
MP:   3/3           EV: 11    Int: 13      God:    Xom [..*...]
Gold: 69            SH:  0    Dex: 12      Spells: 2/2 levels left

rFire    . . .     SeeInvis .   a - +0 hand axe (chaos)
rCold    + + .     Faith    .   (no shield)
rNeg     . . .     Spirit   .   b - +2 leather armour
rPois    .         Reflect  .   (no helmet)
rElec    .         Harm     .   (no cloak)
rCorr    .         Rampage  .   (no gloves)
Will     .....                  (no boots)
Stlth    +.........             (no amulet)
HPRegen  0.09/turn              d - ring of protection from cold
MPRegen  0.08/turn              (no ring)

@: lethally poisoned (0 -> -9), lightly drained
A: cold resistance 1, deterioration 1
a: Renounce Religion


You were on level 2 of the Dungeon.
You worshipped Xom.
You were a toy of Xom.
You visited 1 branch of the dungeon, and saw 2 of its levels.

You collected 69 gold pieces.

Inventory:

Hand Weapons
 a - a +0 hand axe of chaos (weapon)
Armour
 b - a +2 leather armour (worn)
 f - a +0 ring mail
Jewellery
 d - a ring of protection from cold (left hand)
Scrolls
 e - a scroll of enchant armour {unknown}
Potions
 c - a potion of brilliance


   Skills:
 + Level 3.4 Fighting
 + Level 3.3 Axes
 + Level 2.1 Armour
 + Level 0.9 Dodging


You had 2 spell levels left.
You didn't know any spells.
Your spell library was empty.

Dungeon Overview and Level Annotations

Branches:
Dungeon (2/15)

Altars:

Annotations:
D:2 Jessica


Innate Abilities, Weirdness & Mutations

Your flesh is cold resistant. (rC+)
Your body sometimes deteriorates upon taking damage.


Message History

Jessica points at you and mumbles some strange words.
You barely resist. The adder bites you but does no damage.
You hit the adder.
You feel better.
The adder is moderately wounded.
The adder closely misses you.
You hit the adder.
The adder seems to grow stronger.
The adder is almost dead.
You feel sick. The adder bites you.
You are lethally poisoned!
The adder poisons you! The adder bites you.
* * * LOW HITPOINT WARNING * * *
You barely miss the adder.
The adder is almost dead.
The adder bites you.
* * * LOW HITPOINT WARNING * * *
You closely miss the adder.
The adder is almost dead.
You barely miss Jessica.
You die...
Xom cackles wildly!

#.......#
#.......#
#.......#
#.......#
########.......#
...............#
.......).).(...#
......S@@(<....#
..>>....(..(...#
......?.########
..#..#### . #..
#. #


You could see an adder (strong) and Jessica.

Vanquished Creatures
  An ooze (D:1)
  3 dart slugs (D:1)
  3 goblins (D:1)
  4 hobgoblins (D:1)
  2 jackals (D:1)
  A ball python (D:1)
  3 bats
  3 frilled lizards (D:1)
  5 kobolds
  4 rats (D:1)
29 creatures vanquished.

Vanquished Creatures (others)
  2 plants (D:1)
2 creatures vanquished.

Grand Total: 31 creatures vanquished

Notes
Turn   | Place    | Note
-------+----------+-------------------------------------------
     0 | D:1      | Revguard the Demonspawn Chaos Knight began the quest for
                  | the Orb.
     0 | D:1      | Reached XP level 1. HP: 18/18 MP: 1/1
    10 | D:1      | XOM: silly message
   148 | D:1      | Gained mutation: Your flesh is cold resistant. (rC+)
                  | [demonic ancestry]
   148 | D:1      | Reached XP level 2. HP: 17/24 MP: 2/2
   563 | D:1      | XOM: summons 2 hostile demons
   564 | D:1      | Noticed a crimson imp
   569 | D:1      | XOM: swap monsters
   660 | D:1      | XOM: stat loss: -1 Str (11/12)
   737 | D:1      | XOM: summons 3 hostile shadow creatures
   987 | D:1      | Reached XP level 3. HP: 29/29 MP: 3/3
  1010 | D:1      | XOM: 6-stop teleportation journey
  1116 | D:1      | XOM: give mutations
  1116 | D:1      | Gained mutation: Your body sometimes deteriorates upon
                  | taking damage. [Xom's mischief]
  1116 | D:1      | Gained mutation: You tend to lose your temper in combat.
                  | [Xom's mischief]
  1116 | D:1      | Lost mutation: You tend to lose your temper in combat.
                  | [Xom's mischief]
  1402 | D:1      | XOM: stat loss: -1 Str (11/13)
  1570 | D:2      | Noticed Jessica
  1584 | D:2      | HP: 1/28 [adder (4)]
  1585 | D:2      | Succumbed to an adder's poison

Illustrated notes

Levels and vault maps discovered:
D:1:      sevenhm_arrival_forest_fort_large_4, layout_loops_ring
D:2:      layout_rooms, uniq_jessica, uniq_robin

Skill      XL: |  1  2 |
---------------+-------+-----
Armour         | 2 |  2.1
Axes           | 3 |  3.3
Fighting       | |  3.4
Dodging        | |  0.9

Action                   || total
-------------------------++-------
Melee: Hand axe          ||    93
  Use: Potion            ||     2
Armor: Leather armour    ||    42
Dodge: Dodged            ||    63
